Map: Nightscape LE

Players

Eohdorr

  • Race: Protoss Protoss
  • Spawn Location: 1:00

WindWard - Winner!

  • Race: Terran Terran
  • League: Gold
  • Spawn Location: 7:00

TheDragon

  • Race: Terran Terran
  • Spawn Location: 1:00

snackerS - Winner!

  • Race: Terran Terran
  • League: Master
  • Spawn Location: 7:00

VOD

Have the link to the VOD?

Description

WA Turny Match 2

Time

  • Played on: Jan. 29, 2021, 9:20 p.m.
  • Length: 15:52
Show
View Real Time Build Order
Export as new Build Order

Eohdorr Protoss 

Build Orders: Cannon Rush 

Get SALT Encoding   

  12  0:00  Probe  
  13  0:15  Pylon  
  13  0:19  Probe  
  14  0:33  Forge  
  14  0:36  Probe (Chrono Boost)  
  15  0:45  Probe (Chrono Boost)  
  16  0:50  Probe (Chrono Boost)  
  16  0:53  Pylon  
  18  1:15  Photon Cannon  
  18  1:16  Photon Cannon  
  17  1:18  Probe  
  18  1:27  Photon Cannon  
  18  1:47  Pylon  
  18  1:50  Pylon  
  18  2:09  Photon Cannon  
  18  2:10  Photon Cannon  
  18  2:11  Photon Cannon  
  18  2:25  Photon Cannon  
  18  2:34  Pylon  
  18  2:37  Pylon  
  18  2:47  Pylon  
  18  2:49  Pylon  
  18  3:03  Photon Cannon  
  18  3:16  Photon Cannon  
  18  3:17  Photon Cannon  
  18  3:23  Photon Cannon  
  16  3:44  Pylon  
Show
View Real Time Build Order
Export as new Build Order

WindWard Terran - Winner!

Build Orders:  

Get SALT Encoding   

  12  0:00  SCV  
  13  0:18  SCV  
  13  0:20  Supply Depot  
  14  0:30  SCV  
  15  0:50  Barracks  
  15  1:03  Barracks  
  15  1:07  Barracks  
  15  1:39  Marine  
  16  1:42  Barracks  
  16  1:52  Marine  
  17  1:56  Marine x2  
  19  2:09  Marine  
  19  2:14  Marine x2  
  22  2:27  Marine  
  22  2:37  Marine x2  
  22  2:38  Marine  
  20  2:45  Marine  
  20  2:55  Marine x2  
  20  2:56  Marine  
  23  3:04  Marine  
  20  3:35  SCV  
  15  4:14  SCV  
  15  4:15  Marine x2  
  16  4:26  SCV  
  13  4:35  Marine  
  11  4:38  SCV  
  12  4:47  Marine  
  12  4:50  SCV  
  12  5:04  SCV  
  13  5:07  Marine x2  
  15  5:16  SCV  
  14  5:38  Marine x3  
  14  5:39  Marine  
  17  5:56  Marine  
  18  6:14  Marine, SCV  
  19  6:26  SCV  
  20  6:44  SCV  
  21  6:53  Marine x2  
  23  7:04  Supply Depot  
  23  7:26  Marine, SCV  
  25  7:32  Marine x3  
  28  7:38  SCV  
  28  7:43  Supply Depot, Marine  
  30  7:50  Marine  
  31  8:04  Marine x2, SCV  
  34  8:14  Refinery  
  34  8:16  SCV, Refinery  
  34  8:17  Marine x2  
  37  8:22  Marine x2  
  39  8:31  Supply Depot  
  39  8:32  Orbital Command  
  38  9:37  Marine  
  39  9:56  Supply Depot  
  39  10:17  Marine x4, SCV  
  44  10:29  SCV  
  44  10:35  Marine  
  46  10:41  Factory  
  46  11:28  Starport  
  46  11:29  Factory Tech Lab  
  46  11:41  Marine x2  
  47  12:01  Command Center  
  47  12:03  Command Center  
  47  12:06  Supply Depot  
  47  12:11  Supply Depot  
  47  12:28  Marine x3, Viking  
  52  12:34  Starport  
  52  13:01  Viking  
  54  13:11  Viking  
  56  13:24  Orbital Command  
  56  13:31  Viking  
  56  13:34  Orbital Command  
  58  13:36  SCV  
Show
View Real Time Build Order
Export as new Build Order

TheDragon Terran 

Build Orders:  

Get SALT Encoding   

  12  0:00  SCV  
  13  0:12  SCV  
  14  0:18  Supply Depot  
  14  0:25  SCV  
  15  0:32  Refinery  
  15  0:40  SCV  
  16  0:50  Barracks  
  16  0:52  SCV  
  17  1:04  SCV  
  18  1:15  Supply Depot  
  18  1:16  SCV  
  19  1:21  Refinery  
  19  1:29  SCV  
  20  1:39  Reaper, Barracks  
  21  1:59  Factory  
  22  2:01  SCV  
  22  2:11  Reaper  
  22  2:13  SCV  
  24  2:21  Supply Depot  
  24  2:25  SCV  
  24  2:28  Barracks Reactor  
  25  2:47  Bunker  
  25  2:48  Bunker  
  25  2:49  Factory Reactor  
  25  2:51  Barracks Reactor  
  25  3:02  Command Center  
  25  3:11  Marine x2  
  27  3:29  Marine x4  
  27  3:33  Widow Mine x2  
  35  3:47  Marine  
  34  4:04  Widow Mine x2  
  26  4:18  Marine  
  26  4:19  Marine  
  26  4:20  Marine  
  26  4:21  Marine  
  25  4:36  Marine  
  25  4:37  Marine  
  25  4:38  Marine  
  14  4:54  Marine  
  14  4:55  Marine  
  13  5:12  Marine x2  
Show
View Real Time Build Order
Export as new Build Order

snackerS Terran - Winner!

Build Orders:  

Get SALT Encoding   

  12  0:00  SCV  
  13  0:13  Supply Depot  
  13  0:21  SCV  
  14  0:35  Refinery  
  14  0:45  Barracks  
  14  0:58  Barracks  
  14  1:05  SCV  
  15  1:23  Barracks  
  15  1:28  SCV  
  16  1:34  Barracks Tech Lab  
  16  1:40  SCV  
  16  1:46  Barracks Tech Lab  
  17  2:05  Concussive Shells, Marauder  
  19  2:10  Marauder  
  19  2:14  Barracks Tech Lab  
  21  2:25  Supply Depot  
  21  2:33  Marauder  
  23  2:48  Marauder  
  25  2:54  Marauder  
  26  3:06  Marauder  
  28  3:12  Marauder  
  30  3:27  Marauder  
  30  3:48  Marauder  
  31  3:51  Marauder  
  20  5:09  SCV  
  19  5:29  Marauder  
  21  5:41  Marauder  
  23  5:50  SCV  
  23  5:53  Refinery  
  24  6:06  Marine  
  24  6:07  Marine x2  
  27  6:11  SCV  
  28  6:25  Marauder  
  30  6:34  Marine  
  31  6:40  Supply Depot  
  31  7:01  Marine  
  31  7:02  Marauder  
  34  7:13  Marauder  
  36  7:19  Marine  
  37  7:23  Marine  
  38  7:40  Marine  
  39  7:48  Supply Depot  
  39  8:06  Orbital Command  
  39  8:09  Marine  
  39  8:10  Marauder  
  42  8:35  SCV  
  43  8:52  Marine, Marauder  
  46  9:04  Supply Depot  
  46  9:26  Marauder x2  
  45  9:40  Marauder  
  45  9:47  Marine  
  47  9:53  Marauder  
  47  10:00  Marine  
  48  10:10  Marauder  
  50  10:17  SCV  
  51  10:22  Marine  
  52  10:53  SCV  
  52  10:56  Factory  
  53  11:05  SCV  
  54  11:18  Marine  
  55  11:26  Supply Depot  
  55  11:47  Marine  
  55  11:48  Starport, Marauder, SCV  
  55  11:54  Factory Reactor  
  59  12:00  SCV  
  62  12:08  Marauder  
  62  12:12  SCV  
  63  12:16  Orbital Command  
  63  12:43  Command Center  
  63  13:07  Supply Depot  
  63  13:13  Supply Depot  
  63  13:29  SCV  
  64  13:39  Viking x2  
  68  13:46  Supply Depot  
  68  14:09  Viking x2  
  72  14:20  Orbital Command  
  72  14:39  Viking x2  
  76  15:01  Marauder x2, Orbital Command  
  82  15:09  Viking x2  
  86  15:22  Marauder  
  86  15:24  Marauder x2  
Tags
 
Add a new tag
Caveats
  • Supply blocks, unpowered buildings, or Contaminate may cause inaccurate times.
  • Supply counts are checked every 10 seconds.